 Dungeon Crawl Stone Soup version 0.27.1-16-g815e20cd7a (webtiles) character file.

Game seed: 4761378091087910659

6612 alasdair19 the Carver (level 10, -5/88 HPs)
             Began as a Minotaur Fighter on Nov 23, 2021.
             Was a Believer of Okawaru.
             Slain by a boulder beetle (19 damage)
             ... on level 8 of the Dungeon.
             The game lasted 00:46:10 (10663 turns).

alasdair19 the Carver (Minotaur Fighter)           Turns: 10663, Time: 00:46:11

Health: -5/88      AC: 20    Str: 22    XL:     10   Next: 71%
Magic:  7/9        EV:  9    Int: 12    God:    Okawaru [**....]
Gold:   294        SH: 15    Dex: 11    Spells: 9/9 levels left

rFire    + . .     SeeInvis .   s - +1 long sword (flame)
rCold    + + .     Faith    .   c - +1 kite shield
rNeg     . . .     Spirit   .   u - +2 plate armour {rC+}
rPois    .         Reflect  .   (helmet restricted)
rElec    .         Harm     .   G - scarf {rC+ rF+}
rCorr    +         Rampage  .   D - +0 pair of gloves
Will     .....                  (no boots)
Stlth    ..........             (no amulet)
HPRegen  0.24/turn              d - +6 ring of intelligence
MPRegen  0.11/turn              A - ring of resist corrosion

@: heroic
A: horns 2, retaliatory headbutt
a: Renounce Religion, Heroism


You were on level 8 of the Dungeon.
You worshipped Okawaru.
Okawaru was pleased with you.
You visited 2 branches of the dungeon, and saw 9 of its levels.

You collected 294 gold pieces.

Inventory:

Hand Weapons
 a - a +1 long sword
 g - a +0 short sword of flaming
 s - a +1 long sword of flaming (weapon)
 v - a +1 dagger of holy wrath
Missiles
 x - 2 boomerangs of dispersal
 z - 11 javelins (quivered)
 F - 7 boomerangs
Armour
 b - a +0 scale mail
 c - a +1 kite shield (worn)
 e - +0 steam dragon scales
 n - a +0 chain mail
 q - a +1 cloak
 u - a +2 plate armour of cold resistance (worn)
 y - +0 swamp dragon scales
 D - a +0 pair of gloves (worn)
 G - a scarf of resistance (worn)
Jewellery
 d - a +6 ring of intelligence (left hand)
 A - a ring of resist corrosion (right hand)
Wands
 r - a wand of flame (52)
 w - a wand of charming (10)
Scrolls
 m - a scroll of fog {unknown}
 o - 2 scrolls of holy word {unknown}
 t - a scroll of fear
 B - a scroll of amnesia
 E - a scroll of summoning {unknown}
Potions
 f - 4 potions of flight
 h - a potion of lignification
 i - 2 potions of mutation
 j - 2 potions of haste
 k - 2 potions of brilliance
 l - a potion of curing
 p - 2 potions of cancellation


   Skills:
 + Level 8.0(13.0) Fighting
 + Level 11.0(16.0) Long Blades
 * Level 2.7(7.7) Throwing
 + Level 10.3(15.3) Armour
 + Level 10.1(15.1) Shields
 * Level 3.2 Evocations


You had 9 spell levels left.
You didn't know any spells.
Your spell library contained the following spells:

 Spells                   Type           Power      Damage    Failure   Level
 Tukima's Dance           Hex            0%         N/A       100%        3
 Passage of Golubria      Tloc           N/A        N/A       100%        4
 Yara's Violent Unravell  Hex/Tmut       0%         3d3       100%        5


Dungeon Overview and Level Annotations

Branches:
Dungeon (8/15)             Temple (1/1) D:6
   Lair: D:8-11

Altars:
Ashenzari
Cheibriados
Dithmenos
Fedhas
Hepliaklqana
Kikubaaqudgha
Makhleb
Nemelex Xobeh
Okawaru
Qazlal
Ru
Sif Muna
Vehumet
Wu Jian
Xom
Yredelemnul
Zin
The Shining One

Shops:
D:6 (   D:8 (

Annotations:
D:7 1 runed translucent door, Gekot's ghost, novice DEFE


Innate Abilities, Weirdness & Mutations

You have a pair of horns on your head.
You reflexively headbutt those who attack you in melee.


Message History

The boulder beetle is lightly wounded.
The boulder beetle bites you!!
You hit the boulder beetle but do no damage.
The boulder beetle is lightly wounded.
The boulder beetle bites you!
You hit the boulder beetle but do no damage.
The boulder beetle is lightly wounded.
The boulder beetle barely misses you. You furiously retaliate!
You headbutt the boulder beetle, but do no damage.
You riposte.
You hit the boulder beetle but do no damage.
The boulder beetle is lightly wounded.
Char dumped successfully.
You gain the combat prowess of a mighty hero.
The boulder beetle bites you but does no damage.
You hit the boulder beetle but do no damage.
The boulder beetle is lightly wounded.
You block the boulder beetle's attack.
You hit the boulder beetle but do no damage.
The boulder beetle is heavily wounded.
The boulder beetle barely misses you. You furiously retaliate!
You headbutt the boulder beetle!
You riposte.
You hit the boulder beetle but do no damage.
You headbutt the boulder beetle.
The boulder beetle is moderately wounded.
You block the boulder beetle's attack.
You hit the boulder beetle. You burn the boulder beetle.
You headbutt the boulder beetle, but do no damage.
The boulder beetle is severely wounded.
You hit the boulder beetle. You burn the boulder beetle.
The boulder beetle is severely wounded.
The boulder beetle bites you but does no damage.
The boulder beetle leaps!
The boulder beetle leaps!
The boulder beetle bites you!!
* * * LOW HITPOINT WARNING * * *
You hit the boulder beetle but do no damage.
The boulder beetle is severely wounded.
The boulder beetle bites you!!
You die...

.. .. ###....##...........
###...............
###.............
###..............#
###....##.........#
###....####........#
###....###..#.......#
###....###.B°.#......#
###....###B@..#.#......#
###....###....###.#......#
#.#....###....### ..#.....######
.............### ..(#...........
.#############
#######.......#### ...
..............##
..............................#
......................)....)..#
...........................#..##


You could see 2 boulder beetles.

Vanquished Creatures
  A centaur warrior (D:8)
  2 two-headed ogres
  An ugly thing (D:8)
  A cyclops (D:6)
  Maggie (D:6)
  A troll (D:5)
  2 wraiths
  A wyvern (D:7)
  A steam dragon (D:8)
  An acid dragon (D:6)
  2 orc warriors
  An ice beast (D:7)
  A hornet zombie (D:7)
  A kobold brigand (D:7)
  Blork the orc (D:4)
  A bullfrog (D:8)
  A wyvern zombie (D:5)
  2 gnoll sergeants (D:6)
  5 scorpions
  4 water moccasin zombies
  A wyvern skeleton (D:5)
  2 howler monkeys
  3 centaur zombies
  4 bullfrog zombies
  3 hounds
  4 orc priests
  2 gnoll shamans
  Crazy Yiuf (D:4)
  2 centaur skeletons
  An iguana (D:6)
  3 jellies
  A bullfrog skeleton (D:5)
  8 orc wizards
  2 scorpion zombies (D:5)
  A killer bee zombie (D:8)
  A hound zombie (D:5)
  A hound skeleton (D:5)
  23 gnolls
  4 adders
  An adder zombie (D:5)
  An adder skeleton (D:5)
  A worm (D:2)
  4 dart slugs
  23 orcs
  9 ball pythons
  6 bats
  13 endoplasms
  2 giant cockroaches
  5 goblins
  6 hobgoblins
  4 jackals
  2 frilled lizards (D:1)
  6 kobolds
  10 rats
  2 butterflies (D:6)
  A toadstool (D:1)
194 creatures vanquished.

Vanquished Creatures (others)
  6 toadstools (D:1)
  3 withered plants (D:5)
9 creatures vanquished.

Grand Total: 203 creatures vanquished

Notes
Turn   | Place    | Note
-------+----------+-------------------------------------------
     0 | D:1      | alasdair19 the Minotaur Fighter began the quest for the
                  | Orb.
     0 | D:1      | Reached XP level 1. HP: 19/19 MP: 0/0
   196 | D:1      | Reached XP level 2. HP: 16/27 MP: 1/1
   649 | D:1      | Reached skill level 3 in Long Blades
   654 | D:1      | Reached XP level 3. HP: 33/33 MP: 2/2
   826 | D:1      | Found a faded altar of an unknown god.
  1614 | D:2      | Reached XP level 4. HP: 40/40 MP: 3/3
  1818 | D:3      | Found a shimmering altar of Xom.
  2051 | D:3      | Found a blossoming altar of Fedhas.
  2093 | D:3      | Reached skill level 4 in Long Blades
  2113 | D:3      | Reached XP level 5. HP: 22/46 MP: 4/4
  2776 | D:4      | Reached skill level 5 in Armour
  2878 | D:4      | Noticed Blork the orc
  2890 | D:4      | Killed Blork the orc
  2891 | D:4      | Reached skill level 5 in Shields
  3170 | D:4      | Reached XP level 6. HP: 23/53 MP: 5/5
  3719 | D:4      | Found a runed translucent door.
  3720 | D:4      | Identified the +4 mace of Spores {pain, rF+ Dex+4}
  3720 | D:4      | Noticed Crazy Yiuf
  3826 | D:4      | Killed Crazy Yiuf
  3865 | D:5      | Entered Level 5 of the Dungeon
  3875 | D:5      | Reached skill level 5 in Long Blades
  4136 | D:5      | Reached XP level 7. HP: 23/60 MP: 6/6
  4143 | D:5      | Reached skill level 5 in Fighting
  4415 | D:5      | Reached skill level 6 in Long Blades
  4865 | D:5      | Reached XP level 8. HP: 45/70 MP: 7/7
  5298 | D:5      | Reached skill level 7 in Long Blades
  5655 | D:6      | Found a broken altar of Ashenzari.
  5700 | D:6      | Noticed a troll
  5721 | D:6      | Noticed a two-headed ogre
  5726 | D:5      | Killed a troll
  5898 | D:5      | Reached skill level 8 in Long Blades
  6042 | D:6      | Killed a two-headed ogre
  6043 | D:6      | Reached XP level 9. HP: 28/77 MP: 8/8
  6294 | D:6      | Noticed a cyclops
  6306 | D:6      | Killed a cyclops
  6307 | D:6      | Reached skill level 9 in Long Blades
  6476 | D:6      | Found a staircase to the Ecumenical Temple.
  6490 | Temple   | Entered the Ecumenical Temple
  6581 | Temple   | Became a worshipper of Warmaster Okawaru
  6618 | D:6      | Found Lonirghi's Weapon Emporium.
  7027 | D:6      | Noticed Maggie
  7050 | D:6      | Killed Maggie
  7050 | D:6      | Reached * piety under Okawaru
  7510 | D:6      | Reached skill level 1 in Evocations
  7705 | D:7      | Reached skill level 10 in Long Blades
  7776 | D:7      | Noticed a two-headed ogre
  7786 | D:7      | Killed a two-headed ogre
  7787 | D:7      | Reached XP level 10. HP: 12/86 MP: 9/9
  8186 | D:7      | Reached skill level 10 in Armour
  8213 | D:7      | Found a runed translucent door.
  8213 | D:7      | Noticed Gekot's ghost (novice DEFE)
  8280 | D:7      | Reached ** piety under Okawaru
  8605 | D:7      | Reached skill level 1 in Throwing
  8674 | D:7      | Found an ancient bone altar of Kikubaaqudgha.
  9091 | D:8      | Found Okkul's Antique Weapon Emporium.
  9522 | D:8      | Noticed a red ugly thing
  9769 | D:8      | Noticed a centaur warrior
 10180 | D:8      | Killed a centaur warrior
 10181 | D:8      | Reached skill level 10 in Shields
 10310 | D:8      | Killed a red ugly thing
 10311 | D:8      | Reached skill level 11 in Long Blades
 10626 | D:8      | Noticed a boulder beetle
 10626 | D:8      | Noticed a boulder beetle
 10663 | D:8      | Slain by a boulder beetle

Illustrated notes

Levels and vault maps discovered:
D:1:      nagdon_arrival_zigzag_paths, layout_basic,
          hellmonk_ecumenical_altar_run_dry, hangedman_feature_mirror,
          chequers_serial_rivers_marsh
D:2:      layout_rooms, patterned_corridor
D:3:      layout_basic, mainiacjoe_overflow_catch_the_wave
D:4:      layout_rooms, uniq_crazy_yiuf_cottage, uniq_blork_the_orc
D:5:      layout_cave_pools, serial_undead, serial_undead_d, serial_undead_d,
          serial_undead_f, serial_undead_f, serial_undead_c, serial_undead_c,
          grunt_decor_junction, dk_noncrumbling_4
D:6:      minmay_opposing_rooms, layout_loops_ring,
          mainiacjoe_overflow_tiny_flanked, minmay_temple_entry_butterflies,
          serial_shops, shop, kb_rosetta, uniq_maggie
D:7:      layout_loops_corners, marbit_many_paths,
          hellmonk_ghost_happy_afterlife
D:8:      minmay_tri_box, layout_layer_cave, serial_shops,
          nicolae_stop_n_shop_1, uniq_psyche
Temple:   nicolae_temple_elliptical

Skill      XL: |  1  2  3  4  5  6  7  8  9 10 |
---------------+-------------------------------+-----
Shields        | 4 5 6 8 9 10 | 10.1
Fighting       | 4 5 6 7 8 |  8.0
Armour         | 4 5 6 7 8 9 10 | 10.3
Long Blades    | 3 4 5 6 8 10 11 | 11.0
Evocations     | 2 3 |  3.2
Throwing       | 2 |  2.7

Action                   |  1- 3 |  4- 6 |  7- 9 | 10-12 || total
-------------------------+-------+-------+-------+-------++-------
Melee: Long sword        |    91 |    99 |   249 |   185 ||   624
       Headbutt          |    13 |    16 |    57 |    45 ||   131
Throw: Javelin           |       |       |     6 |    13 ||    19
       Boomerang         |       |       |       |     6 ||     6
       Throwing net      |       |       |       |     1 ||     1
Invok: Heroism           |       |       |       |     2 ||     2
Evoke: Wand              |       |       |     2 |       ||     2
  Use: Scroll            |     2 |     5 |     3 |     6 ||    16
       Potion            |       |     2 |     2 |     1 ||     5
Armor: Scale mail        |    48 |    58 |    11 |       ||   117
       Chain mail        |       |       |    86 |       ||    86
       Swamp dragon scal |       |       |    20 |    36 ||    56
       Plate armour      |       |       |       |    22 ||    22
Dodge: Dodged            |    35 |    38 |    58 |    39 ||   170
Block: Kite shield       |    63 |    66 |   182 |    93 ||   404
       Rpst.: Long sword |     5 |     6 |    14 |    13 ||    38
